[Event "47th GER-ch Blitz 2020"]
[Site "Magdeburg"]
[Date "2020.08.15"]
[Round "25.13"]
[White "Krause, Benedict"]
[Black "Voege, Tobias"]
[Result "1-0"]
[ECO "C11"]
[WhiteElo "2425"]
[BlackElo "2326"]
[Annotator "ChessBase"]
[PlyCount "63"]
[EventDate "2020.07.28"]
[EventType "tourn"]
[EventCountry "GER"]
[SourceTitle "playchess.com"]
[Source "ChessBase"]
[SourceQuality "1"]
[TimeControl "180+2"]

1. e4 e6 2. d4 d5 3. Nc3 Nf6 4. e5 Nfd7 5. f4 c5 6. Nf3 Nc6 7. Be3 Qb6 8. Na4 Qa5+ 9. c3 cxd4 10. b4 Qc7 11. Nxd4 Nxd4 12. Bxd4 Nb8 13. Bd3 Nc6 14. Bf2 g5 15. g3 b6 16. Qh5 gxf4 17. gxf4 Bb7 18. Ke2 O-O-O 19. Rac1 Kb8 20. a3 f6 21. exf6 Bd6 22. Bg3 e5 23. fxe5 Bxe5 24. Bxe5 Nxe5 25. Nb2 Rhe8 26. Kd2 Qd7 27. Rhe1 d4 28. Rxe5 dxc3+ 29. Rxc3 Rf8 30. Qg5 Qh3 31. Qg3 Qh6+ 32. Re3+ 1-0

[Event "47th GER-ch Blitz 2020"]
[Site "Magdeburg"]
[Date "2020.08.15"]
[Round "26.2"]
[White "Weller, Manuel"]
[Black "Braeuning, Rudolf Wilhelm"]
[Result "0-1"]
[ECO "A20"]
[WhiteElo "2237"]
[BlackElo "2244"]
[Annotator "ChessBase"]
[PlyCount "31"]
[EventDate "2020.07.28"]
[EventType "tourn"]
[EventCountry "GER"]
[SourceTitle "playchess.com"]
[Source "ChessBase"]
[SourceQuality "1"]
[TimeControl "180+2"]

1. c4 e5 2. g3 c6 3. Nf3 e4 4. Nd4 d5 5. cxd5 Nf6 6. Bg2 Qxd5 7. Nc2 Na6 8. Nc3 Qe5 9. O-O Be7 10. d3 exd3 11. exd3 Be6 12. Re1 Qh5 13. Qxh5 Nxh5 14. Nd4 Bd7 15. Bg5 Nf6 16. Bxf6 0-1

[Event "47th GER-ch Blitz 2020"]
[Site "Magdeburg"]
[Date "2020.08.15"]
[Round "26.3"]
[White "Voege, Tobias"]
[Black "Muranyi, Karl-Jasmin"]
[Result "0-1"]
[ECO "D10"]
[WhiteElo "2326"]
[BlackElo "2331"]
[Annotator "ChessBase"]
[PlyCount "73"]
[EventDate "2020.07.28"]
[EventType "tourn"]
[EventCountry "GER"]
[SourceTitle "playchess.com"]
[Source "ChessBase"]
[SourceQuality "1"]
[TimeControl "180+2"]

1. d4 d5 2. c4 c6 3. cxd5 cxd5 4. Nc3 Nf6 5. f3 e6 6. e4 Be7 7. e5 Nfd7 8. f4 O-O 9. Nf3 Nc6 10. Bd3 f6 11. O-O a6 12. Be3 Qb6 13. exf6 Bxf6 14. Rb1 g6 15. Ne2 Ne7 16. Bf2 Nb8 17. Ne5 Nbc6 18. g4 Bg7 19. h4 Nxe5 20. dxe5 Qd8 21. Kg2 Bd7 22. Qd2 Bb5 23. Bc5 Re8 24. Nd4 Bxd3 25. Qxd3 Nc6 26. Rbc1 Nxd4 27. Bxd4 Qxh4 28. Qf3 Rac8 29. Rh1 Qe7 30. Rxc8 Rxc8 31. Bc3 b5 32. a3 Rc4 33. Kg3 Qc7 34. Rd1 g5 35. f5 Bxe5+ 36. Bxe5 Qxe5+ 37. Kh3 0-1

[Event "47th GER-ch Blitz 2020"]
[Site "Magdeburg"]
[Date "2020.08.15"]
[Round "26.4"]
[White "Holtel, Jasper"]
[Black "Krause, Benedict"]
[Result "1/2-1/2"]
[ECO "B13"]
[WhiteElo "2305"]
[BlackElo "2425"]
[Annotator "ChessBase"]
[PlyCount "69"]
[EventDate "2020.07.28"]
[EventType "tourn"]
[EventCountry "GER"]
[SourceTitle "playchess.com"]
[Source "ChessBase"]
[SourceQuality "1"]
[TimeControl "180+2"]

1. e4 c6 2. d4 d5 3. exd5 cxd5 4. c4 Nf6 5. Nc3 Nc6 6. Nf3 Bg4 7. cxd5 Nxd5 8. Qb3 Bxf3 9. gxf3 e6 10. Qxb7 Nxd4 11. Bb5+ Nxb5 12. Qc6+ Ke7 13. Qxb5 Nxc3 14. bxc3 Rb8 15. Qc5+ Ke8 16. Qxa7 Bd6 17. Qd4 f6 18. O-O Be5 19. Qg4 Kf7 20. Be3 f5 21. Qh5+ g6 22. Qh6 Qf8 23. Qxf8+ Rhxf8 24. Bd4 Bxd4 25. cxd4 Rfd8 26. Rfd1 Rb4 27. a4 Ra8 28. a5 Rb5 29. a6 Rb6 30. Rdc1 Rbxa6 31. Rc7+ Kf6 32. Rxa6 Rxa6 33. Rxh7 Rd6 34. Ra7 Rxd4 35. Kg2 1/2-1/2

[Event "47th GER-ch Blitz 2020"]
[Site "Magdeburg"]
[Date "2020.08.15"]
[Round "26.6"]
[White "Siebrecht, Sebastian"]
[Black "Schoewel, Matthias"]
[Result "0-1"]
[ECO "A25"]
[WhiteElo "2429"]
[BlackElo "2218"]
[Annotator "ChessBase"]
[PlyCount "112"]
[EventDate "2020.07.28"]
[EventType "tourn"]
[EventCountry "GER"]
[SourceTitle "playchess.com"]
[Source "ChessBase"]
[SourceQuality "1"]
[TimeControl "180+2"]

1. c4 e5 2. Nc3 Nc6 3. g3 d6 4. Bg2 Be6 5. Nd5 Be7 6. e3 Qd7 7. h3 Bd8 8. Ne2 Rb8 9. d4 exd4 10. exd4 Nce7 11. Nxe7 Nxe7 12. d5 Bf5 13. Qd4 O-O 14. Qxa7 Qc8 15. Qd4 Ng6 16. Be3 Bf6 17. Qd2 Re8 18. h4 Ne5 19. Nf4 Nxc4 20. Qe2 Bxb2 21. Qxc4 Bxa1 22. O-O Be5 23. Rc1 Re7 24. Nd3 Bxd3 25. Qxd3 Qe8 26. Bg5 f6 27. Be3 Bxg3 28. Bh3 Bxh4 29. Be6+ Rxe6 30. dxe6 Qxe6 31. Rxc7 Qg4+ 32. Kf1 Bg5 33. Qd5+ Kh8 34. Ba7 Rg8 35. Qxb7 Qh3+ 36. Ke2 Qe6+ 37. Kf1 Qxa2 38. Rc8 h5 39. Rc7 Qe6 40. Bd4 Re8 41. Qf3 Qg4 42. Qxg4 hxg4 43. Rd7 Bf4 44. Kg2 Re6 45. Bb6 Kh7 46. Bc7 Kg6 47. Bd8 Be5 48. Bc7 f5 49. Bd8 Bf6 50. Bc7 Be5 51. Bd8 f4 52. f3 g3 53. Kh3 Bf6 54. Bc7 Re2 55. Bxd6 Kf5 56. Bc5 Rh2# 0-1

[Event "47th GER-ch Blitz 2020"]
[Site "Magdeburg"]
[Date "2020.08.15"]
[Round "26.7"]
[White "Braun, Georg"]
[Black "Berger, Steve"]
[Result "1-0"]
[ECO "C11"]
[WhiteElo "2360"]
[BlackElo "2408"]
[Annotator "ChessBase"]
[PlyCount "87"]
[EventDate "2020.07.28"]
[EventType "tourn"]
[EventCountry "GER"]
[SourceTitle "playchess.com"]
[Source "ChessBase"]
[SourceQuality "1"]
[TimeControl "180+2"]

1. e4 e6 2. d4 d5 3. Nc3 Nf6 4. Bg5 dxe4 5. Nxe4 Nbd7 6. Qf3 Be7 7. O-O-O Nxe4 8. Bxe7 Qxe7 9. Qxe4 Nf6 10. Qh4 Bd7 11. Nf3 O-O-O 12. Ne5 Be8 13. Be2 Nd5 14. Qxe7 Nxe7 15. Bf3 f6 16. Nc4 Bc6 17. Bxc6 Nxc6 18. c3 Rhe8 19. Rhe1 b5 20. Ne3 e5 21. dxe5 Nxe5 22. Kc2 c6 23. Nf5 Rxd1 24. Rxd1 Kc7 25. Nxg7 Rg8 26. Ne6+ Kb6 27. Nf4 Rg4 28. g3 Rg7 29. h3 Re7 30. Rd6 Rf7 31. Nh5 Nd7 32. b4 Kc7 33. Rd4 Re7 34. Kd1 Re5 35. Nf4 Nb6 36. Nd3 Rh5 37. h4 Nd5 38. Kd2 Rf5 39. Rg4 h5 40. Rg7+ Kb8 41. f4 Nc7 42. Nc5 Rd5+ 43. Kc2 a5 44. Nd7+ 1-0

[Event "47th GER-ch Blitz 2020"]
[Site "Magdeburg"]
[Date "2020.08.15"]
[Round "26.8"]
[White "Ehmann, Thilo"]
[Black "Kopylov, Michael"]
[Result "1-0"]
[ECO "B01"]
[WhiteElo "2329"]
[BlackElo "2407"]
[Annotator "ChessBase"]
[PlyCount "57"]
[EventDate "2020.07.28"]
[EventType "tourn"]
[EventCountry "GER"]
[SourceTitle "playchess.com"]
[Source "ChessBase"]
[SourceQuality "1"]
[TimeControl "180+2"]

1. e4 d5 2. exd5 Qxd5 3. Nf3 Bg4 4. Be2 Nc6 5. Nc3 Qd7 6. h3 Bf5 7. d3 Nf6 8. Be3 e5 9. a3 O-O-O 10. Ng5 Nd4 11. Qd2 Bg6 12. O-O Kb8 13. Nge4 Nxe4 14. dxe4 Bc5 15. Bd3 Bb6 16. Nd5 c6 17. Nxb6 axb6 18. Qb4 Kc7 19. a4 Qd6 20. Qe1 Ra8 21. a5 bxa5 22. Rxa5 b6 23. Ra1 Kb7 24. c3 Nf3+ 25. gxf3 Qxd3 26. Rd1 Qb5 27. Rd7+ Kc8 28. Qd2 Re8 29. Qd6 1-0

[Event "47th GER-ch Blitz 2020"]
[Site "Magdeburg"]
[Date "2020.08.15"]
[Round "26.9"]
[White "Baskin, Robert"]
[Black "Hess, Max"]
[Result "1-0"]
[ECO "B06"]
[WhiteElo "2390"]
[BlackElo "2378"]
[Annotator "ChessBase"]
[PlyCount "60"]
[EventDate "2020.07.28"]
[EventType "tourn"]
[EventCountry "GER"]
[SourceTitle "playchess.com"]
[Source "ChessBase"]
[SourceQuality "1"]
[TimeControl "180+2"]

1. e4 g6 2. d4 c6 3. Nf3 d5 4. e5 h5 5. h3 Nh6 6. c4 Nf5 7. Nc3 e6 8. Bd3 Be7 9. Bxf5 gxf5 10. cxd5 cxd5 11. h4 Nc6 12. Bg5 Bxg5 13. hxg5 Qb6 14. Qd2 Bd7 15. Na4 Qb4 16. Nc5 O-O-O 17. a3 Qxd2+ 18. Kxd2 b6 19. Nd3 Na5 20. Rac1+ Kb7 21. Rc3 Rc8 22. Nf4 Nc4+ 23. Kc2 Rc7 24. Rxh5 Rhc8 25. Kb1 Bb5 26. Ka2 Na5 27. Rxc7+ Rxc7 28. Rh7 Bc4+ 29. Kb1 Nb3 30. g6 Na5 1-0

[Event "47th GER-ch Blitz 2020"]
[Site "Magdeburg"]
[Date "2020.08.15"]
[Round "26.10"]
[White "Barzen, Pascal"]
[Black "Siebarth, Raiko"]
[Result "1-0"]
[ECO "B25"]
[WhiteElo "2321"]
[BlackElo "2333"]
[Annotator "ChessBase"]
[PlyCount "81"]
[EventDate "2020.07.28"]
[EventType "tourn"]
[EventCountry "GER"]
[SourceTitle "playchess.com"]
[Source "ChessBase"]
[SourceQuality "1"]
[TimeControl "180+2"]

1. e4 c5 2. Nc3 Nc6 3. g3 g6 4. Bg2 Bg7 5. d3 d6 6. f4 h5 7. Nf3 e6 8. O-O Nge7 9. Be3 Nd4 10. Qd2 Nec6 11. Ng5 h4 12. Nd1 hxg3 13. hxg3 f6 14. Nh3 e5 15. Nhf2 Qe7 16. c3 Ne6 17. f5 gxf5 18. exf5 Nc7 19. g4 d5 20. d4 cxd4 21. cxd4 Bd7 22. Nc3 O-O-O 23. dxe5 Nxe5 24. Bxa7 Qd6 25. Rfc1 Nc4 26. Qd4 Bc6 27. b3 Ne5 28. Bc5 Qd7 29. Nd3 Rde8 30. b4 Bh6 31. b5 Nxd3 32. Qxd3 Nxb5 33. Nxb5 Bxb5 34. Bd6+ Bxc1 35. Rxc1+ Bc6 36. Qa3 Qh7 37. Bxd5 Kd7 38. Bxc6+ bxc6 39. Qa7+ Kxd6 40. Rd1+ Ke5 41. Qd4# 1-0

[Event "47th GER-ch Blitz 2020"]
[Site "Magdeburg"]
[Date "2020.08.15"]
[Round "26.11"]
[White "Wichmann, Cliff"]
[Black "Schneider, Ilja"]
[Result "0-1"]
[ECO "D15"]
[WhiteElo "2305"]
[BlackElo "2479"]
[Annotator "ChessBase"]
[PlyCount "78"]
[EventDate "2020.07.28"]
[EventType "tourn"]
[EventCountry "GER"]
[SourceTitle "playchess.com"]
[Source "ChessBase"]
[SourceQuality "1"]
[TimeControl "180+2"]

1. d4 d5 2. c4 c6 3. Nc3 Nf6 4. Nf3 a6 5. e3 b5 6. b3 Bg4 7. Qc2 e6 8. Ne5 Bf5 9. Bd3 Bxd3 10. Nxd3 Nbd7 11. O-O Bd6 12. f4 bxc4 13. bxc4 c5 14. Ne5 cxd4 15. exd4 dxc4 16. Be3 Nb6 17. Rf3 O-O 18. Rh3 Nbd5 19. Nxd5 exd5 20. f5 Ne4 21. f6 Qxf6 22. Nd7 Qe6 23. Nxf8 Rxf8 24. Rb1 f5 25. Kh1 f4 26. Bg1 Qg6 27. Qb2 c3 28. Qb6 Ba3 29. Qb3 c2 30. Qxd5+ Kh8 31. Rf1 c1=Q 32. Rxc1 Bxc1 33. Qe5 Be3 34. d5 Bxg1 35. Kxg1 Ng5 36. Rb3 f3 37. h4 f2+ 38. Kf1 Ne4 39. Rf3 Nd2+ 0-1

[Event "47th GER-ch Blitz 2020"]
[Site "Magdeburg"]
[Date "2020.08.15"]
[Round "26.12"]
[White "Zelbel, Patrick"]
[Black "Svane, Frederik"]
[Result "1-0"]
[ECO "B22"]
[WhiteElo "2448"]
[BlackElo "2421"]
[Annotator "ChessBase"]
[PlyCount "83"]
[EventDate "2020.07.28"]
[EventType "tourn"]
[EventCountry "GER"]
[SourceTitle "playchess.com"]
[Source "ChessBase"]
[SourceQuality "1"]
[TimeControl "180+2"]

1. e4 c5 2. c3 d5 3. exd5 Qxd5 4. Nf3 g6 5. Na3 Bg7 6. Bc4 Qe4+ 7. Be2 Nf6 8. O-O O-O 9. d4 cxd4 10. Nxd4 Qe5 11. Re1 Qa5 12. Bf3 e5 13. Nc4 Qc7 14. Nxe5 Nbd7 15. Bf4 Nxe5 16. Bxe5 Qb6 17. Qb3 Nd7 18. Bxg7 Kxg7 19. Re7 Kf6 20. Rae1 Qxb3 21. axb3 Nc5 22. Rc7 Ne6 23. Nxe6 Bxe6 24. Rxb7 Rab8 25. Rxb8 Rxb8 26. b4 a5 27. bxa5 Rxb2 28. Ra1 Bc4 29. h4 Ba6 30. Ra4 Rc2 31. Rb4 Kg7 32. Rb6 Bc4 33. a6 Ra2 34. Bb7 Kf8 35. Rc6 Bb5 36. Rb6 Bc4 37. Kh2 Ke7 38. Rc6 Bb5 39. Rc7+ Ke6 40. c4 Bd7 41. a7 Kd6 42. Rxd7+ 1-0

[Event "47th GER-ch Blitz 2020"]
[Site "Magdeburg"]
[Date "2020.08.15"]
[Round "26.13"]
[White "Dobrikov, Marco"]
[Black "Reichmann, Hendrik"]
[Result "1-0"]
[ECO "B06"]
[WhiteElo "2290"]
[BlackElo "2348"]
[Annotator "ChessBase"]
[PlyCount "68"]
[EventDate "2020.07.28"]
[EventType "tourn"]
[EventCountry "GER"]
[SourceTitle "playchess.com"]
[Source "ChessBase"]
[SourceQuality "1"]
[TimeControl "180+2"]

1. e4 g6 2. d4 Bg7 3. Nc3 d6 4. Be3 a6 5. Qd2 b5 6. O-O-O Nd7 7. h4 h6 8. g4 Bb7 9. f3 Rc8 10. Kb1 c5 11. dxc5 Nxc5 12. Bd4 Nf6 13. Nh3 b4 14. Ne2 Qa5 15. g5 Nfxe4 16. fxe4 Nxe4 17. Qe3 Bxd4 18. Nxd4 Nc3+ 19. bxc3 Bxh1 20. Nb3 Qf5 21. Bd3 Qf3 22. Qxf3 Bxf3 23. Re1 Rxc3 24. Nf4 hxg5 25. hxg5 Rh1 26. Rxh1 Bxh1 27. Kb2 Bb7 28. a3 Rc7 29. axb4 e5 30. Ne2 e4 31. Nf4 exd3 32. cxd3 Bc6 33. Kc3 Bd5+ 34. Kb2 Bxb3 1-0

[Event "47th GER-ch Blitz 2020"]
[Site "Magdeburg"]
[Date "2020.08.15"]
[Round "27.3"]
[White "Reichmann, Hendrik"]
[Black "Frischmann, Rick"]
[Result "1/2-1/2"]
[ECO "D00"]
[WhiteElo "2348"]
[BlackElo "2347"]
[Annotator "ChessBase"]
[PlyCount "48"]
[EventDate "2020.07.28"]
[EventType "tourn"]
[EventCountry "GER"]
[SourceTitle "playchess.com"]
[Source "ChessBase"]
[SourceQuality "1"]
[TimeControl "180+2"]

1. d4 d5 2. Bf4 Nc6 3. e3 Nf6 4. c4 Bg4 5. Qb3 Na5 6. Qa4+ c6 7. c5 b5 8. Qc2 Nd7 9. Bd3 e5 10. Bg3 exd4 11. exd4 Qf6 12. f3 Bh5 13. Ne2 Bg6 14. b3 Be7 15. Nbc3 O-O 16. Rd1 Rfe8 17. O-O Bxd3 18. Qxd3 h5 19. Bc7 Nb7 20. a4 a6 21. axb5 axb5 22. Nxb5 cxb5 23. Qxb5 Qa6 24. Qxd7 Qxe2 1/2-1/2

[Event "47th GER-ch Blitz 2020"]
[Site "Magdeburg"]
[Date "2020.08.15"]
[Round "27.4"]
[White "Svane, Frederik"]
[Black "Dobrikov, Marco"]
[Result "1-0"]
[ECO "B51"]
[WhiteElo "2421"]
[BlackElo "2290"]
[Annotator "ChessBase"]
[PlyCount "63"]
[EventDate "2020.07.28"]
[EventType "tourn"]
[EventCountry "GER"]
[SourceTitle "playchess.com"]
[Source "ChessBase"]
[SourceQuality "1"]
[TimeControl "180+2"]

1. e4 c5 2. Nf3 d6 3. Bb5+ Nd7 4. d4 cxd4 5. Qxd4 a6 6. Bxd7+ Bxd7 7. Nc3 e5 8. Qd3 Bc6 9. O-O Be7 10. Rd1 Nf6 11. Bg5 O-O 12. Nd2 b5 13. Nf1 Ne8 14. Bxe7 Qxe7 15. Ne3 Rd8 16. Ncd5 Bxd5 17. Nxd5 Qe6 18. a4 Rb8 19. axb5 axb5 20. Ra7 b4 21. h3 Kh8 22. b3 Qg6 23. Ne7 Qe6 24. Nf5 Rc8 25. Rb7 g6 26. Ne3 Rc3 27. Qd2 Nf6 28. Rxb4 Rc6 29. Qd3 Kg7 30. Rb7 Nd7 31. Qd5 Qxd5 32. exd5 1-0

[Event "47th GER-ch Blitz 2020"]
[Site "Magdeburg"]
[Date "2020.08.15"]
[Round "27.5"]
[White "Schneider, Ilja"]
[Black "Zelbel, Patrick"]
[Result "0-1"]
[ECO "B01"]
[WhiteElo "2479"]
[BlackElo "2448"]
[Annotator "ChessBase"]
[PlyCount "48"]
[EventDate "2020.07.28"]
[EventType "tourn"]
[EventCountry "GER"]
[SourceTitle "playchess.com"]
[Source "ChessBase"]
[SourceQuality "1"]
[TimeControl "180+2"]

1. e4 d5 2. exd5 Qxd5 3. Nf3 Bg4 4. Be2 Nc6 5. d4 O-O-O 6. c4 Qf5 7. Be3 Bxf3 8. Bxf3 Nxd4 9. Bg4 Nc2+ 10. Qxc2 Qxg4 11. O-O e6 12. h3 Qf5 13. Qa4 Bc5 14. Nc3 Nf6 15. b4 Bxe3 16. fxe3 Qe5 17. Qxa7 Qxc3 18. Rad1 Nd7 19. Rxf7 Nb8 20. Rdf1 Qxc4 21. Rxg7 Rhf8 22. Rxf8 Rxf8 23. Rxh7 Qxb4 24. a3 Qb1+ 0-1

[Event "47th GER-ch Blitz 2020"]
[Site "Magdeburg"]
[Date "2020.08.15"]
[Round "27.6"]
[White "Siebarth, Raiko"]
[Black "Wichmann, Cliff"]
[Result "1-0"]
[ECO "D35"]
[WhiteElo "2333"]
[BlackElo "2305"]
[Annotator "ChessBase"]
[PlyCount "51"]
[EventDate "2020.07.28"]
[EventType "tourn"]
[EventCountry "GER"]
[SourceTitle "playchess.com"]
[Source "ChessBase"]
[SourceQuality "1"]
[TimeControl "180+2"]

1. c4 e6 2. Nc3 d5 3. d4 Nf6 4. Bf4 dxc4 5. e3 Bb4 6. Bxc4 Nd5 7. Nge2 Nxf4 8. Nxf4 c5 9. d5 Bxc3+ 10. bxc3 exd5 11. Bxd5 O-O 12. O-O Qf6 13. Rb1 Nc6 14. Qf3 Bd7 15. Rxb7 Rad8 16. Rd1 Ne5 17. Qe2 g5 18. Nh5 Qg6 19. Ng3 a6 20. Be4 f5 21. Bd5+ Kh8 22. h3 Bb5 23. c4 Nxc4 24. Bxc4 Rxd1+ 25. Qxd1 Bxc4 26. Nh5 1-0

[Event "47th GER-ch Blitz 2020"]
[Site "Magdeburg"]
[Date "2020.08.15"]
[Round "27.7"]
[White "Hess, Max"]
[Black "Barzen, Pascal"]
[Result "1-0"]
[ECO "B11"]
[WhiteElo "2378"]
[BlackElo "2321"]
[Annotator "ChessBase"]
[PlyCount "81"]
[EventDate "2020.07.28"]
[EventType "tourn"]
[EventCountry "GER"]
[SourceTitle "playchess.com"]
[Source "ChessBase"]
[SourceQuality "1"]
[TimeControl "180+2"]

1. e4 c6 2. Nc3 d5 3. Nf3 Bg4 4. h3 Bxf3 5. Qxf3 e6 6. g4 Nf6 7. Bg2 Be7 8. O-O O-O 9. d3 Nbd7 10. Qg3 Ne8 11. f4 b5 12. g5 b4 13. Ne2 Nd6 14. h4 Kh8 15. h5 f5 16. e5 Nb5 17. d4 c5 18. Be3 Rc8 19. c3 bxc3 20. bxc3 cxd4 21. cxd4 Rc2 22. Qe1 Nb6 23. Qd1 Qc7 24. Rc1 Rc8 25. Rxc2 Qxc2 26. Qxc2 Rxc2 27. Bf3 Nc4 28. Rb1 a6 29. a4 Nxe3 30. axb5 axb5 31. Rxb5 Kg8 32. g6 hxg6 33. hxg6 Rc8 34. Rb6 Bd8 35. Rxe6 Ba5 36. Kf2 Nc2 37. Bxd5 Kf8 38. Ra6 Bb4 39. Ra7 Rd8 40. Rf7+ Ke8 41. Bc6+ 1-0

[Event "47th GER-ch Blitz 2020"]
[Site "Magdeburg"]
[Date "2020.08.15"]
[Round "27.8"]
[White "Kopylov, Michael"]
[Black "Baskin, Robert"]
[Result "1/2-1/2"]
[ECO "E01"]
[WhiteElo "2407"]
[BlackElo "2390"]
[Annotator "ChessBase"]
[PlyCount "29"]
[EventDate "2020.07.28"]
[EventType "tourn"]
[EventCountry "GER"]
[SourceTitle "playchess.com"]
[Source "ChessBase"]
[SourceQuality "1"]
[TimeControl "180+2"]

1. d4 Nf6 2. c4 e6 3. g3 d5 4. Bg2 Bb4+ 5. Nd2 O-O 6. Ngf3 b6 7. O-O Bb7 8. cxd5 Bxd5 9. Qc2 Bxd2 10. Bxd2 Nbd7 11. Rac1 c5 12. dxc5 Nxc5 13. Bb4 Rc8 14. Rfd1 Qc7 15. b3 1/2-1/2

[Event "47th GER-ch Blitz 2020"]
[Site "Magdeburg"]
[Date "2020.08.15"]
[Round "27.9"]
[White "Berger, Steve"]
[Black "Ehmann, Thilo"]
[Result "0-1"]
[ECO "B23"]
[WhiteElo "2408"]
[BlackElo "2329"]
[Annotator "ChessBase"]
[PlyCount "62"]
[EventDate "2020.07.28"]
[EventType "tourn"]
[EventCountry "GER"]
[SourceTitle "playchess.com"]
[Source "ChessBase"]
[SourceQuality "1"]
[TimeControl "180+2"]

1. e4 c5 2. Nc3 g6 3. d4 cxd4 4. Qxd4 Nf6 5. Nf3 Nc6 6. Qa4 d5 7. Bb5 Bg7 8. Bg5 O-O 9. O-O-O a6 10. e5 axb5 11. Qxa8 d4 12. exf6 exf6 13. Bf4 Qb6 14. Ne2 f5 15. Qa3 Be6 16. Rhe1 Bc4 17. Qd6 d3 18. cxd3 Bxa2 19. Nc3 Bb3 20. Rd2 b4 21. Nd5 Qa6 22. Ne7+ Nxe7 23. Qxa6 bxa6 24. Rxe7 Ba2 25. Rc7 Re8 26. d4 f6 27. d5 g5 28. Be3 f4 29. Bb6 g4 30. Nh4 f3 31. d6 fxg2 0-1

[Event "47th GER-ch Blitz 2020"]
[Site "Magdeburg"]
[Date "2020.08.15"]
[Round "27.10"]
[White "Schoewel, Matthias"]
[Black "Braun, Georg"]
[Result "1-0"]
[ECO "B18"]
[WhiteElo "2218"]
[BlackElo "2360"]
[Annotator "ChessBase"]
[PlyCount "87"]
[EventDate "2020.07.28"]
[EventType "tourn"]
[EventCountry "GER"]
[SourceTitle "playchess.com"]
[Source "ChessBase"]
[SourceQuality "1"]
[TimeControl "180+2"]

1. e4 c6 2. d4 d5 3. Nc3 dxe4 4. Nxe4 Bf5 5. Ng3 Bg6 6. Nf3 e6 7. Bd3 Nf6 8. O-O Bd6 9. Re1 O-O 10. Bxg6 hxg6 11. Bg5 Nbd7 12. Ne5 Qc7 13. Nxd7 Qxd7 14. Bxf6 gxf6 15. c3 Kg7 16. Qf3 Rh8 17. h3 f5 18. Rad1 b5 19. b3 a5 20. c4 Bb4 21. Re2 Rhd8 22. Re3 a4 23. Red3 axb3 24. axb3 bxc4 25. bxc4 Bd6 26. Rb3 Ra4 27. Qc3 Kg8 28. Nf1 Be5 29. Ne3 Bxd4 30. Qc2 c5 31. Rb5 Raa8 32. Qb3 Qc6 33. Rb1 Qe4 34. Nf1 Kg7 35. Qg3 Be5 36. Qb3 Bd4 37. Qg3 Rd7 38. Nd2 Qc2 39. Nf3 Ra2 40. Rf1 Qxc4 41. Rb8 Qd5 42. Qh4 f6 43. Qh8+ Kf7 44. Qh4 1-0

[Event "47th GER-ch Blitz 2020"]
[Site "Magdeburg"]
[Date "2020.08.15"]
[Round "27.11"]
[White "Stein, Robert"]
[Black "Siebrecht, Sebastian"]
[Result "1/2-1/2"]
[ECO "E67"]
[WhiteElo "2325"]
[BlackElo "2429"]
[Annotator "ChessBase"]
[PlyCount "146"]
[EventDate "2020.07.28"]
[EventType "tourn"]
[EventCountry "GER"]
[SourceTitle "playchess.com"]
[Source "ChessBase"]
[SourceQuality "1"]
[TimeControl "180+2"]

1. d4 g6 2. c4 Bg7 3. g3 d6 4. Bg2 Nf6 5. Nc3 O-O 6. Nf3 Nbd7 7. O-O a6 8. a4 Rb8 9. a5 c5 10. dxc5 Nxc5 11. Nd4 Ne6 12. Nc2 Bd7 13. Ne3 Bc6 14. Ned5 Nc7 15. Be3 Ncxd5 16. cxd5 Bd7 17. Bb6 Qe8 18. e4 Rc8 19. Re1 Ng4 20. Rc1 Ne5 21. Bd4 Bg4 22. Qc2 Qd7 23. Bxe5 Bxe5 24. Qb3 h5 25. Qb4 Rc5 26. Na4 Rxc1 27. Rxc1 Rc8 28. Rc4 Be2 29. Rxc8+ Qxc8 30. Qd2 Bg4 31. Bf1 Qc7 32. Nb6 Qc5 33. Nc4 Bg7 34. b4 Qc7 35. Ne3 Bd7 36. Nc4 Bb5 37. Qd3 h4 38. Kg2 Qd7 39. Be2 h3+ 40. Kg1 Qc7 41. Qc2 Bd4 42. Qd3 Bg7 43. Bf1 Qc8 44. Be2 Kf8 45. Qc2 Bxc4 46. Bxc4 Qc7 47. Qd3 Be5 48. Qb3 Bg7 49. Bf1 Qc1 50. b5 Bd4 51. bxa6 bxa6 52. Qd3 Qb2 53. Qe2 Qxe2 54. Bxe2 Bc3 55. Bxa6 Bxa5 56. Bf1 Kg7 57. Bxh3 Kf6 58. f4 g5 59. Kf2 gxf4 60. gxf4 Bd2 61. Kf3 Bc1 62. Bd7 e6 63. dxe6 fxe6 64. Bc6 d5 65. Bxd5 exd5 66. exd5 Ba3 67. Ke4 Bd6 68. h4 Kg6 69. f5+ Kf6 70. h5 Bf8 71. h6 Bxh6 72. d6 Bf8 73. d7 Ke7 1/2-1/2

[Event "47th GER-ch Blitz 2020"]
[Site "Magdeburg"]
[Date "2020.08.15"]
[Round "27.12"]
[White "Krause, Benedict"]
[Black "Langrock, Hannes"]
[Result "1-0"]
[ECO "B40"]
[WhiteElo "2425"]
[BlackElo "2346"]
[Annotator "ChessBase"]
[PlyCount "77"]
[EventDate "2020.07.28"]
[EventType "tourn"]
[EventCountry "GER"]
[SourceTitle "playchess.com"]
[Source "ChessBase"]
[SourceQuality "1"]
[TimeControl "180+2"]

1. e4 c5 2. Nf3 e6 3. d4 cxd4 4. Nxd4 Nf6 5. Nc3 Nc6 6. Ndb5 Bb4 7. a3 Bxc3+ 8. Nxc3 d5 9. exd5 exd5 10. Bd3 O-O 11. O-O d4 12. Ne2 Bg4 13. f3 Bh5 14. Nf4 Bg6 15. Nxg6 hxg6 16. f4 Re8 17. Qf3 Qb6 18. b4 Re3 19. Bxe3 dxe3 20. Kh1 Re8 21. Rae1 Nd4 22. Qh3 Nd5 23. c4 e2 24. Bxe2 Nc2 25. cxd5 Nxe1 26. Rxe1 Qf2 27. Qg3 Rxe2 28. Qxf2 Rxf2 29. g3 Kf8 30. Rc1 Ke7 31. Rc7+ Kd6 32. Rxf7 Kxd5 33. Kg1 Ra2 34. Rxg7 Ke4 35. Rc7 Rxa3 36. Rc2 Kf3 37. Rf2+ Ke3 38. Kg2 Rb3 39. Rf3+ 1-0

[Event "47th GER-ch Blitz 2020"]
[Site "Magdeburg"]
[Date "2020.08.15"]
[Round "27.13"]
[White "Muranyi, Karl-Jasmin"]
[Black "Holtel, Jasper"]
[Result "1/2-1/2"]
[ECO "A45"]
[WhiteElo "2331"]
[BlackElo "2305"]
[Annotator "ChessBase"]
[PlyCount "57"]
[EventDate "2020.07.28"]
[EventType "tourn"]
[EventCountry "GER"]
[SourceTitle "playchess.com"]
[Source "ChessBase"]
[SourceQuality "1"]
[TimeControl "180+2"]

1. d4 Nf6 2. c3 g6 3. Bf4 Bg7 4. h3 O-O 5. Nf3 d6 6. e3 c5 7. Nbd2 b6 8. Be2 Bb7 9. O-O Nbd7 10. Bh2 a6 11. a4 Ra7 12. c4 cxd4 13. exd4 Ne4 14. Nxe4 Bxe4 15. Re1 Qa8 16. a5 bxa5 17. Rxa5 Rb8 18. Qd2 Rab7 19. Ra2 Rb4 20. Bg3 a5 21. Rea1 Qb7 22. c5 Rxb2 23. Qxa5 Rxa2 24. Qxa2 Ra8 25. Qxa8+ Qxa8 26. Rxa8+ Bxa8 27. cxd6 exd6 28. Bxd6 Bxf3 29. Bxf3 1/2-1/2